Map: Agria Valley

Players

Ubik - Winner!

  • Race: Terran Terran
  • Spawn Location: 11:00

A.I. 1 (Elite)

  • Race: Zerg Zerg
  • Spawn Location: 5:00

VOD

Have the link to the VOD?

Description

Time

  • Played on: Jan. 21, 2020, 8:12 a.m.
  • Length: 7:04
Show
View Real Time Build Order
Export as new Build Order

Ubik Terran - Winner!

Build Orders:  

Get SALT Encoding   

  12  0:01  SCV  
  13  0:13  SCV  
  14  0:19  Supply Depot  
  14  0:25  SCV  
  15  0:36  Supply Depot  
  15  0:43  Barracks  
  15  0:50  Refinery  
  15  0:53  SCV  
  16  1:07  Barracks  
  16  1:19  Barracks  
  16  1:26  SCV  
  16  1:31  Marine  
  18  1:39  SCV  
  19  1:54  Marine  
  19  1:58  Barracks Tech Lab  
  20  2:06  Barracks Reactor  
  20  2:12  Marine  
  21  2:24  Marine  
  22  2:31  Barracks Reactor  
  22  2:35  Supply Depot  
  22  2:40  Supply Depot  
  22  2:41  Marine  
  22  2:42  Marine  
  22  2:43  Marine  
  25  2:47  Combat Shield  
  25  2:59  Marine  
  25  3:00  Marine  
  25  3:01  Marine  
  28  3:10  Marine, Supply Depot  
  28  3:12  Marine  
  29  3:17  Marine  
  29  3:18  Marine  
  32  3:21  Marine  
  33  3:28  Marine  
  34  3:36  Supply Depot  
  34  3:40  Marine  
  35  3:51  Marine  
  35  3:52  Marine  
  35  3:55  Marine  
  38  3:57  Marine  
  38  4:01  Marine  
  40  4:20  Marine x4  
  40  4:21  Marine  
  45  4:38  Marine x4  
  48  4:42  Marine  
  50  4:55  Marine  
  50  4:56  Marine  
  50  4:57  Marine x2  
  50  5:00  Marine  
  46  5:13  Marine x2  
  47  5:14  Marine  
  48  5:22  Marine x2  
  49  5:31  Marine x2  
  49  5:32  Marine  
  49  5:39  Marine x2  
  50  5:49  Marine x2  
  52  5:50  Marine  
  49  5:57  Marine x2  
  51  6:10  Marine x3  
  54  6:15  Marine  
  54  6:16  Marine  
  55  6:28  Marine x3  
  57  6:45  Marine x3  
Show
View Real Time Build Order
Export as new Build Order

A.I. 1 (Elite) Zerg 

Build Orders: Pool First 

Get SALT Encoding   

  12  0:00  Drone  
  13  0:12  Overlord  
  13  0:18  Drone  
  14  0:30  Drone x2  
  14  0:34  Drone  
  17  0:48  Spawning Pool  
  17  0:49  Drone  
  17  1:10  Hatchery  
  16  1:14  Drone  
  16  1:16  Extractor  
  16  1:19  Drone  
  16  1:23  Extractor  
  17  1:25  Drone  
  17  1:29  Drone  
  18  1:38  Drone  
  19  1:49  Overlord  
  19  1:56  Queen  
  21  2:02  Zergling x2  
  22  2:10  Drone  
  23  2:23  Queen  
  25  2:31  Drone  
  26  2:38  Drone  
  26  2:42  Drone  
  28  2:46  Drone  
  29  3:00  Roach Warren  
  29  3:02  Drone  
  29  3:04  Drone  
  30  3:08  Zergling x2  
  30  3:11  Zergling x2  
  32  3:17  Overlord  
  32  3:20  Drone  
  32  3:23  Drone  
  34  3:40  Roach  
  36  3:42  Roach x2  
  36  3:43  Roach  
  36  3:47  Lair  
  42  3:51  Overlord  
  42  3:56  Overlord  
  42  4:00  Zergling x2  
  42  4:02  Zergling x2  
  46  4:10  Zergling x2, Drone x2  
  46  4:12  Drone  
  46  4:15  Drone  
  49  4:17  Drone  
  49  4:22  Overlord  
  50  4:26  Roach  
  50  4:30  Roach  
  54  4:33  Roach  
  54  4:36  Roach  
  58  4:40  Overlord  
  58  4:46  Drone  
  58  4:49  Drone, Hydralisk Den  
  58  4:50  Drone  
  57  4:53  Zergling x2  
  57  4:56  Roach  
  57  4:58  Zergling x2  
  52  5:05  Roach  
  44  5:09  Roach  
  44  5:11  Roach  
  46  5:15  Roach  
  46  5:20  Hydralisk, Queen  
  49  5:22  Zergling x2  
  49  5:25  Roach  
  49  5:28  Zergling x2  
  52  5:30  Hydralisk  
  46  5:41  Overlord  
  30  5:53  Drone  
  22  5:57  Zergling x2  
  22  6:01  Roach Warren  
  15  6:25  Overlord  
  12  6:39  Spawning Pool  
  11  6:45  Spawning Pool  
Tags
 
Matchup
TvZ
Opening
Pool First
Spawn Locations
Cross Positions
Add a new tag
Caveats
  • Supply blocks, unpowered buildings, or Contaminate may cause inaccurate times.
  • Supply counts are checked every 10 seconds.